 Dungeon Crawl Stone Soup version 0.23.2-40-g277498a001 (webtiles) character file.

Game seed: 18078712159847011147

67855 Exodus22XD the Severer (level 14, -5/129 HPs)
             Began as a Minotaur Fighter on Sept 5, 2019.
             Was the Champion of Ru.
             Slain by a naga mage
             ... wielding a +2 flail of draining
              (14 damage)
             ... on level 2 of the Snake Pit.
             The game lasted 01:08:11 (17849 turns).

Exodus22XD the Severer (Minotaur Fighter)          Turns: 17849, Time: 01:08:11

Health: -5/129     AC: 22    Str: 25    XL:     14   Next: 84%
Magic:  22/22      EV:  7    Int:  5    God:    Ru [******]
Gold:   1162       SH: 20    Dex: 15    Spells: 13/13 levels left

rFire    x . .     SeeInvis +   X - +5 Maxwell's thermic engine {flame, freeze}
rCold    + . .     Gourm    .   Q - +6 shield "Veur" {rC++ MR- Regen+ MP+9}
rNeg     . . .     Faith    .   F - +4 ring mail of Kiygu {+Fly Dex+4}
rPois    +         Spirit   .   S - +2 hat {SInv}
rElec    .         Reflect  .   W - +1 cloak {+Inv}
rCorr    .         Harm     .   h - +0 pair of gloves
MR       .....                  R - +0 pair of boots
Stlth    +.........             k - amulet of the acrobat
HPRegen  0.71/turn              B - +3 ring of protection
MPRegen  0.18/turn              M - ring of poison resistance

@: lethally poisoned (-5 -> -5), very slightly contaminated, constricted,
lightly drained, invisible
A: retaliatory headbutt, horns 2, inability to drink while threatened, no air
magic, no necromancy magic, no summoning magic, reduced EV 1, missing an eye,
temperature sensitive
a: Draw Out Power, Power Leap, Apocalypse, Renounce Religion, Evoke Flight


You were on level 2 of the Snake Pit.
You worshipped Ru.
Ru was exalted by your worship.
You were hungry.

You visited 4 branches of the dungeon, and saw 22 of its levels.
You also visited: Ice Cave.

You collected 1402 gold pieces.
You spent 240 gold pieces at shops.

Inventory:

Hand Weapons
 a - a +0 war axe
 O - a +1 flail of protection
 X - the +5 Maxwell's thermic engine (weapon) {flame, freeze}
   (You found it on level 11 of the Dungeon)

   It has been specially enchanted to burn those struck by it, causing extra
   injury to most foes and up to half again as much damage against particularly
   susceptible opponents.
   Big, fiery blades are also staple armaments of hydra-hunters.
Armour
 h - a +0 pair of gloves (worn)
 F - the +4 ring mail of Kiygu (worn) {+Fly Dex+4}
   (You found it on level 5 of the Lair of Beasts)

   It affects your dexterity (+4).
   It lets you fly.
 Q - the +6 shield "Veur" (worn) {rC++ MR- Regen+ MP+9}
   (You found it on level 1 of the Lair of Beasts)

   It greatly protects you from cold.
   It affects your resistance to hostile enchantments.
   It affects your magic capacity (+9).
   It increases your rate of regeneration.
 R - a +0 pair of boots (worn)
 S - a +2 hat of see invisible (worn)
 W - a +1 cloak of invisibility (worn)
Jewellery
 k - an amulet of the acrobat (around neck)
 o - an uncursed ring of resist corrosion
 p - a +4 ring of dexterity
 s - an uncursed ring of positive energy
 B - a +3 ring of protection (left hand)
 H - a +1 ring of slaying
 L - a +4 ring of strength
 M - a ring of poison resistance (right hand)
Wands
 n - a wand of disintegration (11)
 y - a wand of flame (37)
 C - a wand of random effects (40)
 G - a wand of enslavement (21)
 I - a wand of acid (7)
 Z - a wand of iceblast (24)
Scrolls
 c - 2 scrolls of amnesia
 e - 2 scrolls of blinking
 m - 5 scrolls of remove curse
 t - a scroll of immolation
 u - 4 scrolls of magic mapping
 v - 8 scrolls of enchant weapon
 w - 4 scrolls of teleportation
 z - a scroll of enchant armour
 A - 3 scrolls of fog
 E - 2 scrolls of brand weapon
 N - 2 scrolls of vulnerability
 U - a scroll of holy word {unknown}
 Y - a scroll of identify
Potions
 b - 2 potions of haste
 d - 2 potions of might
 g - 5 potions of berserk rage
 j - 2 potions of brilliance
 l - 6 potions of curing
 q - 2 potions of cancellation
 r - 2 potions of mutation
 D - 2 potions of lignification {unknown}
 J - a potion of ambrosia {unknown}
 K - 2 potions of resistance {unknown}
 P - 2 potions of heal wounds {unknown}
 T - a potion of agility {unknown}
Comestibles
 f - 41 rations


   Skills:
 - Level 13.0(12.7) Fighting
 * Level 11.2(11.0) Long Blades
 - Level 16.9(16.6) Axes
 - Level 2.0(11.3) Maces & Flails
 - Level 11.3(11.0) Armour
 - Level 7.0(6.8) Dodging
 - Level 0.4(0.3) Stealth
 - Level 15.1(14.8) Shields


You had 13 spell levels left.
You didn't know any spells.
Your spell library contained the following spells:

 Spells                   Type           Power        Failure   Level  Hunger
 Corona                   Hex            #......      58%         1    ##.....
 Infusion                 Chrm           #...         58%         1    ##.....
 Sting                    Conj/Pois      #...         58%         1    ##.....
 Shroud of Golubria       Chrm/Tloc      #.........   75%         2    ###....
 Slow                     Hex            #.......     75%         2    ###....
 Song of Slaying          Chrm           #.......     75%         2    ###....
 Inner Flame              Hex/Fire       #.......     92%         3    ####...
 Portal Projectile        Hex/Tloc       #.....       92%         3    ####...
 Spectral Weapon          Hex/Chrm       #.......     92%         3    ####...
 Cause Fear               Hex            #.........   100%        4    #####..
 Leda's Liquefaction      Hex/Erth       #.........   100%        4    #####..
 Olgreb's Toxic Radiance  Pois           #.......     100%        4    #####..
 Venom Bolt               Conj/Pois      #.........   100%        5    ######.
 Summon Small Mammal      Summ           Unusable     N/A         1    N/A
 Call Imp                 Summ           Unusable     N/A         2    N/A
 Poisonous Vapours        Pois/Air       Unusable     N/A         2    N/A
 Call Canine Familiar     Summ           Unusable     N/A         3    N/A
 Mephitic Cloud           Conj/Pois/Air  Unusable     N/A         3    N/A
 Regeneration             Chrm/Necr      Unusable     N/A         3    N/A
 Summon Guardian Golem    Hex/Summ       Unusable     N/A         3    N/A
 Summon Ice Beast         Ice/Summ       Unusable     N/A         4    N/A
 Summon Lightning Spire   Summ/Air       Unusable     N/A         4    N/A

Dungeon Overview and Level Annotations

Branches:
Dungeon (13/15)            Temple (1/1) D:4            Lair (6/6) D:8
  Swamp (0/4) Lair:4        Snake (2/4) Lair:3        Slime (0/5) Lair:5
    Orc (0/2) D:9
 Vaults: D:13-14

Altars:
Ashenzari
Cheibriados
Elyvilon
Fedhas
Gozag
Hepliaklqana
Makhleb
Nemelex Xobeh
Okawaru
Qazlal
Ru
Sif Muna
Trog
Uskayaw
Vehumet
Wu Jian
Xom
Yredelemnul
Zin
The Shining One
Jiyva

Shops:
D:9 (   D:11 }   Snake:1 =(


Innate Abilities, Weirdness & Mutations

You reflexively headbutt those who attack you in melee.
You have a pair of horns on your head.
You cannot drink potions while threatened.
You cannot study or cast Air magic.
You cannot study or cast Necromancy magic.
You cannot study or cast Summoning magic.
You have somewhat slow reflexes. (EV -5)
You are missing an eye, making it more difficult to aim.
You are sensitive to extremes of temperature. (rF-, rC-)


Message History

* * * LOW HITPOINT WARNING * * *
The naga warrior constricts you.
You redirect the naga mage's attack!
The naga mage misses itself.
You block the naga's attack.
You catch the helpless naga mage completely off-guard!
You hit the naga mage. You burn the naga mage. You freeze the naga mage.
You headbutt the naga mage, but do no damage.
The naga mage is moderately wounded.
The naga mage points at you and mumbles some strange words.
The bolt of poison hits the naga mage.
The naga mage is poisoned.
The bolt of poison hits you but does no damage.
You resist. The naga warrior barely misses you. You furiously retaliate!
You headbutt the naga warrior, but do no damage.
You riposte.
You slash the naga warrior! You burn the naga warrior.
You freeze the naga warrior. Your headbutt misses the naga warrior.
The naga warrior is moderately wounded.
* * * LOW HITPOINT WARNING * * *
The naga warrior constricts you.
The naga mage hits you with a +2 flail of draining!
You die...

#...<......##....#
#..........##....#
##........#....†##
####
##........##..)..
##...##
#.......###..#.#
##.....##
#......## #.##..
.##.......#
#.####.# ####..
#.#.......###.#
##. #..
#........#@N.# ..
#.. .#
#......N.N#N## ...
..###........)#.#
###.
#.#........)##.#
## #.........).#
.# # #..........#
.# .# #.........##
## #.# #........##
#.##.......##


You could see a naga warrior, 2 naga magi and a naga.

Vanquished Creatures
  Gastronok (Lair:3)
  Nessos (Lair:6)
  Snorg (Lair:6)
  A fire dragon (Lair:6)
  7 hydras
  2 centaur warriors (D:11)
  A catoblepas (Lair:5)
  An anaconda (Snake:2)
  2 two-headed ogres (D:12)
  A naga sharpshooter (Snake:1)
  Nergalle (D:10)
  A fire crab (Lair:6)
  A salamander mystic (Snake:1)
  2 naga ritualists
  6 mana vipers (Snake:1)
  A deep elf mage (D:13)
  2 ugly things (IceCv)
  4 cyclopes (D:11)
  2 salamanders
  5 oklob plants
  3 manticores
  3 ice statues (IceCv)
  10 black mambas
  A guardian serpent (Snake:2)
  15 elephants
  2 molten gargoyles (Lair:6)
  4 naga magi
  4 centaur skeletons
  10 spiny frogs
  A rime drake (Lair:1)
  10 komodo dragons
  A komodo dragon (shapeshifter) (D:13)
  8 trolls
  A polar bear (Lair:5)
  8 hippogriffs
  5 slime creatures
  5 dream sheep (Lair:5)
  13 blink frogs
  A vampire (D:10)
  A shadow (D:10)
  2 wraiths
  Sigmund (D:6)
  24 yaks
  6 wyverns
  5 basilisks
  2 steam dragons (Lair:6)
  7 vampire mosquitoes
  3 nagas (Lair:3)
  9 water moccasins
  3 wargs (D:9)
  3 hell hounds (Lair:6)
  8 porcupines
  2 orc warriors
  4 sky beasts
  2 black bears
  13 ice beasts
  13 wolves
  7 centaurs
  2 ogres
  10 crocodiles
  5 big kobolds
  13 bullfrogs
  A gnoll sergeant (D:7)
  A water moccasin zombie (D:11)
  A wyvern skeleton (D:10)
  5 scorpions
  4 killer bees (D:11)
  4 electric eels
  5 howler monkeys
  6 crimson imps
  4 bullfrog zombies
  2 centaur zombies
  3 lava snakes (Lair:6)
  2 quasits
  12 hounds
  10 jellies
  2 orc priests
  5 bullfrog skeletons
  3 iguanas
  Ijyb (D:5)
  11 orc wizards
  8 worker ants
  A killer bee zombie (D:10)
  A hound skeleton (D:8)
  A worker ant zombie (D:9)
  17 gnolls
  16 adders
  3 shadow imps
  A worker ant simulacrum (D:11)
  9 oozes
  An adder zombie (D:5)
  3 worms
  A dart slug (D:2)
  6 leopard geckos
  24 orcs
  5 bats
  2 giant cockroaches (D:2)
  8 goblins
  6 hobgoblins
  A jackal (D:3)
  18 kobolds
  5 quokkas
  6 frilled lizards
  A quokka zombie (D:5)
  4 rats
  2 fungi
  3 plants
528 creatures vanquished.

Vanquished Creatures (others)
  A hydra (D:11)
  A black mamba (Snake:2)
  A yak (Lair:2)
  A warg (D:9)
  A wolf (Lair:6)
  A kobold (D:12)
  10 fungi
  17 plants
33 creatures vanquished.

Grand Total: 561 creatures vanquished

Notes
Turn   | Place    | Note
-------+----------+-------------------------------------------
     0 | D:1      | Exodus22XD the Minotaur Fighter began the quest for the
                  | Orb.
     0 | D:1      | Reached XP level 1. HP: 19/19 MP: 0/0
   519 | D:2      | Reached XP level 2. HP: 26/27 MP: 1/1
   699 | D:2      | Reached XP level 3. HP: 23/33 MP: 2/2
   703 | D:2      | Reached skill level 3 in Axes
   935 | D:2      | Reached XP level 4. HP: 40/40 MP: 3/3
  1192 | D:3      | Reached skill level 4 in Axes
  1297 | D:3      | Reached XP level 5. HP: 22/46 MP: 4/4
  1389 | D:3      | Reached skill level 5 in Shields
  1466 | D:3      | Reached skill level 1 in Dodging
  2050 | D:4      | Reached skill level 5 in Axes
  2089 | D:4      | Reached XP level 6. HP: 52/52 MP: 5/5
  2204 | D:4      | You fall through a shaft!
  2204 | D:5      | Entered Level 5 of the Dungeon
  2242 | D:5      | Found an opulent altar of Gozag.
  2475 | D:5      | Noticed Ijyb
  2487 | D:5      | Killed Ijyb
  2516 | D:5      | Reached skill level 6 in Axes
  2516 | D:5      | Reached skill level 5 in Armour
  2516 | D:5      | Reached XP level 7. HP: 24/60 MP: 6/6
  3150 | D:4      | Found a staircase to the Ecumenical Temple.
  3160 | Temple   | Entered the Ecumenical Temple
  3783 | D:6      | Noticed Sigmund
  3798 | D:6      | Killed Sigmund
  3871 | D:6      | Reached skill level 5 in Fighting
  4006 | D:6      | Got a polished buckler
  4017 | D:6      | Identified the +6 buckler of the Imp {rN+ Int+4} (You found
                  | it on level 6 of the Dungeon)
  4021 | D:6      | You fall through a shaft!
  4056 | D:7      | Reached skill level 7 in Axes
  4209 | D:6      | Reached XP level 8. HP: 62/68 MP: 7/7
  4783 | D:7      | Found a snail-covered altar of Cheibriados.
  4787 | D:7      | Found a bloodstained altar of Trog.
  4789 | D:7      | Found a shattered altar of Ashenzari.
  4789 | D:7      | Found a sacrificial altar of Ru.
  4791 | D:7      | Found a basalt altar of Yredelemnul.
  4794 | D:7      | Found a shimmering altar of Xom.
  4795 | D:7      | Found a burning altar of Makhleb.
  4799 | D:7      | Became a worshipper of Ru the Awakened
  4884 | D:7      | Reached skill level 8 in Axes
  5176 | D:8      | Noticed a troll
  5185 | D:8      | Reached skill level 9 in Axes
  5187 | D:8      | Killed a troll
  5187 | D:8      | Reached XP level 9. HP: 20/75 MP: 8/8
  5350 | D:8      | Found a staircase to the Lair.
  5354 | D:8      | HP: 3/75 [electric eel/bolt of electricity (13)]
  5990 | D:8      | Reached skill level 10 in Axes
  6227 | D:8      | Gained mutation: You cannot study or cast Air magic. [Ru
                  | sacrifice]
  6227 | D:8      | Gained mutation: You cannot study or cast Necromancy magic.
                  | [Ru sacrifice]
  6227 | D:8      | Gained mutation: You cannot study or cast Summoning magic.
                  | [Ru sacrifice]
  6227 | D:8      | Reached * piety under Ru
  6470 | D:9      | Found a staircase to the Orcish Mines.
  6473 | D:9      | Reached skill level 11 in Axes
  6522 | D:9      | Found Ciulowoy's Antique Weapon Shoppe.
  6546 | D:9      | Reached XP level 10. HP: 65/86 MP: 9/9
  6957 | D:9      | Found a blossoming altar of Fedhas.
  7021 | D:9      | Found a glowing golden altar of the Shining One.
  7186 | D:10     | Entered Level 10 of the Dungeon
  7199 | D:10     | Noticed Nergalle
  7212 | D:10     | Killed Nergalle
  7212 | D:10     | Reached skill level 12 in Axes
  7295 | D:10     | Found an iron altar of Okawaru.
  7695 | D:10     | Noticed a seven-headed hydra
  7756 | D:11     | You fall through a shaft!
  7756 | D:12     | Found a shimmering altar of Xom.
  7821 | D:11     | Noticed a cyclops
  7841 | D:11     | Killed a cyclops
  7841 | D:11     | Reached skill level 13 in Axes
  8050 | D:11     | Noticed a cyclops
  8050 | D:11     | Noticed a centaur warrior
  8062 | D:11     | Noticed a centaur warrior
  8066 | D:11     | Noticed a six-headed hydra
  8070 | D:11     | Noticed a cyclops
  8074 | D:11     | Killed a centaur warrior
  8074 | D:11     | Reached XP level 11. HP: 81/95 MP: 10/10
  8097 | D:11     | Killed a centaur warrior
  8097 | D:11     | Reached skill level 10 in Shields
  8626 | Lair:1   | Entered Level 1 of the Lair of Beasts
  8640 | Lair:1   | Gained mutation: You cannot drink potions while threatened.
                  | [Ru sacrifice]
  8640 | Lair:1   | Reached ** piety under Ru
  8942 | Lair:1   | Got an ichor-stained shield
  8953 | Lair:1   | Identified the +6 shield "Veur" {rC++ MR- Regen+ MP+9} (You
                  | found it on level 1 of the Lair of Beasts)
  9426 | Lair:1   | Reached skill level 10 in Armour
  9585 | Lair:2   | Reached skill level 14 in Axes
  9683 | Lair:2   | Found a frozen archway.
  9688 | IceCv    | Entered an ice cave
  9722 | IceCv    | Noticed a white ugly thing
  9733 | IceCv    | Killed a white ugly thing
  9822 | IceCv    | Noticed a white ugly thing
  9839 | IceCv    | Killed a white ugly thing
  9864 | IceCv    | Got transparent ice dragon scales
  9875 | IceCv    | Identified the +3 ice dragon scales of Insurance {rF- rC++
                  | Str+2} (You found it in an ice cave)
 10002 | Lair:2   | Reached skill level 10 in Fighting
 10440 | Lair:3   | Noticed an eight-headed hydra
 10450 | Lair:3   | Killed an eight-headed hydra
 10450 | Lair:3   | Reached XP level 12. HP: 61/106 MP: 11/11
 10461 | Lair:3   | Reached skill level 1 in Maces & Flails
 10535 | Lair:3   | Found a staircase to the Snake Pit.
 10761 | Lair:3   | Noticed Gastronok
 10774 | Lair:3   | Killed Gastronok
 10774 | Lair:3   | Reached skill level 15 in Axes
 10831 | Lair:3   | Noticed a seven-headed hydra
 10844 | Lair:3   | Killed a seven-headed hydra
 11199 | Lair:3   | Reached skill level 5 in Dodging
 11470 | Lair:4   | Found a staircase to the Swamp.
 11599 | Lair:4   | Noticed a seven-headed hydra
 11607 | Lair:4   | Killed a seven-headed hydra
 11937 | Lair:5   | Gained mutation: You have somewhat slow reflexes. (EV -5)
                  | [Ru sacrifice]
 11937 | Lair:5   | Reached *** piety under Ru
 11962 | Lair:5   | Noticed a catoblepas
 11971 | Lair:5   | Killed a catoblepas
 11971 | Lair:5   | Reached XP level 13. HP: 95/116 MP: 12/12
 12097 | Lair:5   | Reached skill level 16 in Axes
 12157 | Lair:5   | Found a runed translucent door.
 12158 | Lair:5   | Found a viscous altar of Jiyva.
 12161 | Lair:5   | Found a staircase to the Slime Pits.
 12565 | Lair:5   | Got a spiked ring mail
 12576 | Lair:5   | Identified the +4 ring mail of Kiygu {+Fly Dex+4} (You
                  | found it on level 5 of the Lair of Beasts)
 12746 | Lair:6   | Entered Level 6 of the Lair of Beasts
 13068 | Lair:6   | Noticed a fire dragon
 13070 | Lair:6   | Found a large runed translucent door.
 13071 | Lair:6   | Found a large runed translucent door.
 13088 | Lair:6   | Noticed Snorg
 13118 | Lair:6   | Killed Snorg
 13496 | Lair:6   | Killed a fire dragon
 13610 | Lair:6   | Noticed Nessos
 13633 | Lair:6   | Killed Nessos
 13755 | Lair:6   | Gained mutation: You are sensitive to extremes of
                  | temperature. (rF-, rC-) [Ru sacrifice]
 13755 | Lair:6   | Reached **** piety under Ru
 13755 | Lair:6   | Reached ***** piety under Ru
 13772 | Lair:6   | Reached XP level 14. HP: 127/127 MP: 13/13
 13805 | Lair:6   | Got a spiked ring mail
 13816 | Lair:6   | Identified the cursed +1 ring mail "Sextithi" {Dex+4} (You
                  | found it on level 6 of the Lair of Beasts)
 14736 | D:11     | Reached skill level 15 in Shields
 14856 | D:11     | Found the +2 Maxwell's thermic engine {flame, freeze}
 15310 | D:11     | Found Boman's Gadget Shop.
 15377 | D:11     | Reached skill level 1 in Long Blades
 16085 | D:12     | Reached skill level 5 in Long Blades
 16450 | D:12     | Gained mutation: You are missing an eye, making it more
                  | difficult to aim. [Ru sacrifice]
 16450 | D:12     | Reached ****** piety under Ru
 17073 | Snake:1  | Entered Level 1 of the Snake Pit
 17348 | Snake:1  | Found Gock's Antique Weapon Emporium.
 17394 | Snake:1  | Found Sixeckad's Jewellery Shoppe.
 17395 | Snake:1  | Identified the cursed +1 whip "Vuivi" {elec, MR+}
 17420 | Snake:1  | Reached skill level 10 in Long Blades
 17441 | Snake:1  | Bought an uncursed ring of poison resistance for 240 gold
                  | pieces
 17849 | Snake:2  | Slain by a naga mage

Skill      XL: |  1  2  3  4  5  6  7  8  9 10 11 12 13 14 |
---------------+-------------------------------------------+-----
Shields        | 4 5 6 7 8 9 11 13 14 15 | 15.1
Axes           | 3 4 5 6 7 9 11 13 14 15 16 | 16.9
Fighting       | 4 5 6 7 8 10 11 12 13 | 13.0
Armour         | 4 5 6 7 8 9 10 11 | 11.3
Dodging        | 1 2 3 4 5 6 7 |  7.0
Maces & Flails | 2 |  2.0
Long Blades    | 11 | 11.2
Stealth        | |  0.4

Action                   |  1- 3 |  4- 6 |  7- 9 | 10-12 | 13-15 || total
-------------------------+-------+-------+-------+-------+-------++-------
Melee: War axe           |    71 |   137 |   259 |   577 |   368 ||  1412
       Headbutt          |     6 |    11 |    51 |   179 |   226 ||   473
       Flail             |       |       |       |    26 |    84 ||   110
       Double sword      |       |       |       |       |   322 ||   322
Invok: Sacrifice Arcana  |       |       |     1 |       |       ||     1
       Sacrifice Drink   |       |       |       |     1 |       ||     1
       Sacrifice Health  |       |       |       |     1 |       ||     1
       Sacrifice Resista |       |       |       |       |     1 ||     1
       Draw Out Power    |       |       |       |       |     1 ||     1
       Sacrifice an Eye  |       |       |       |       |     1 ||     1
  Use: Potion            |       |     1 |     1 |       |     3 ||     5
       Scroll            |       |       |     7 |    11 |    11 ||    29
 Stab: Distracted        |       |       |       |     2 |     5 ||     7
       Invisible         |       |       |       |     1 |     6 ||     7
       Paralysed         |       |       |       |       |     6 ||     6
  Eat: Chunk             |       |     6 |    12 |    14 |    20 ||    52
       Ration            |       |       |       |     1 |       ||     1
Armor: Scale mail        |    43 |       |       |       |       ||    43
       Chain mail        |     8 |   126 |    89 |   102 |       ||   325
       Ice dragon scales |       |       |       |   109 |    28 ||   137
       Ring mail         |       |       |       |       |   173 ||   173
Dodge: Dodged            |    19 |    45 |   102 |   188 |   183 ||   537
Block: Shield            |    48 |    94 |    16 |   339 |   695 ||  1192
       Buckler           |       |       |   138 |   104 |       ||   242
       Rpst.: Double sword |       |       |       |       |    20 ||    20
